 Dungeon Crawl Stone Soup version 0.31-a0-986-g5e6e4ef867 (webtiles) character file.

Game seed: 10338983230822419393

2 javelincjr the Ruffian (level 1, -1/16 HPs)
             Began as a Draconian Shapeshifter on Nov 8, 2023.
             Frozen to death by an endoplasm (5 damage)
             ... on level 1 of the Dungeon.
             The game lasted 00:00:13 (35 turns).

javelincjr the Ruffian (Draconian Shapeshifter)       Turns: 35, Time: 00:00:14

Health: -1/16      AC:  4    Str: 16    XL:     1   Next: 25%
Magic:  1/1        EV: 12    Int: 10    God:
Gold:   0          SH:  0    Dex: 10    Spells: 0/0 levels left

rFire   . .          .
                       - Unarmed
rCold   . . .        (no shield)
rNeg    . . .        (body armour unavailable)
rPois   .            (helmet currently unavailable)
rElec   .            (cloak currently unavailable)
rCorr   .            (gloves currently unavailable)
SInv    .            (boots currently unavailable)
Will    .....        (no amulet)
Stlth   +            (no ring)
HPRegen 0.22/turn    (no ring)
MPRegen 0.07/turn

%: no passive effects
@: beast-form, slowed, very slow
A: beast (slay +1), AC +4, unfitting armour, cold-blooded
a: Begin Untransformation


You were on level 1 of the Dungeon.
You were a hulking beast.
You visited 1 branch of the dungeon, and saw 1 of its levels.

Inventory:

Talismans
 b - a beast talisman
 c - a flux talisman
Potions
 a - a potion of lignification


   Skills:
 - Level 1.1 Fighting
 + Level 1.8 Dodging
 - Level 3.0 Unarmed Combat
 * Level 3.0 Shapeshifting


You couldn't memorise any spells.
You didn't know any spells.
Your spell library was empty.

Dungeon Overview and Level Annotations

Branches:
Dungeon (1/15)

Altars:


Innate Abilities, Weirdness & Mutations

You are a hulking beast.
Your limbs bulge with bestial killing power. (Slay +1)
Your plain brown scales are hard. (AC +4)
You cannot fit into any form of body armour.
You are cold-blooded and may be slowed by cold attacks.


Message History

The ball python grabs you. The ball python constricts you.
You punch the ball python!
You kill the ball python!
The bat hits you but does no damage. The ball python completely misses you.
The ball python grabs you. The ball python constricts you.
You hit the ball python.
You kill the ball python!
The bat barely misses you.
You barely miss the bat. The bat hits you but does no damage. The bat hits you.
You closely miss the bat. You tail-slap the bat.
The bat is severely wounded.
The bat barely misses you.
The endoplasm hits you but does no damage.
The bat closely misses you.
You closely miss the bat.
The bat is severely wounded.
The bat completely misses you. The endoplasm closely misses you.
You hit the endoplasm. You tail-slap the endoplasm.
The endoplasm is moderately wounded.
The bat closely misses you. The goblin hits you with a +0 dagger.
The endoplasm hits you but does no damage.
You hit the endoplasm.
The endoplasm is almost dead.
The bat hits you but does no damage. The goblin hits you with a +0 dagger.
The endoplasm freezes you.
You are frozen.
You feel yourself slow down.
You are too injured to fight recklessly!
You are too injured to fight recklessly!
You are too injured to fight recklessly!
You barely miss the bat. Your punch misses the bat.
The bat is severely wounded.
The bat hits you. The goblin hits you with a +0 dagger. The endoplasm hits you.
* * * LOW HITPOINT WARNING * * *
The bat hits you but does no damage.
You hit the goblin.
You kill the goblin!
The bat barely misses you. The endoplasm barely misses you.
The endoplasm freezes you.
You are frozen.
You die...

.....# #....?#
......# .....#
..... . ...##..
##J......
#hb...#..
###.####.#......
................
....##..#####..
####### #.## #
#.....# #.# ##
#...[<# ##.# ..
##....># #..# .#
#......# #.##.#


You could see an endoplasm and a bat.

Vanquished Creatures
  A goblin (D:1)
  2 ball pythons (D:1)
3 creatures vanquished.

Notes
Turn   | Place    | Note
-------+----------+-------------------------------------------
     0 | D:1      | javelincjr the Draconian Shapeshifter began the quest for
                  | the Orb.
     0 | D:1      | Reached XP level 1. HP: 16/16 MP: 1/1
    35 | D:1      | Frozen to death by an endoplasm

Illustrated notes

Levels and vault maps discovered:
D:1:      dpeg_arrival_fog, layout_rooms, kennysheep_nondescript, minmay_3d_cube

Action                     || total
---------------------------++-------
  Melee: Unarmed           ||     9
         Tailslap          ||     2
 Armour: Skin              ||    13
  Dodge: Dodged            ||     9

Table legend: (Time is in decaauts)
 A = Elapsed time spent in this place.
 B = Non-inter-level travel time spent in this place.
 C = Inter-level travel time spent in this place.
 D = Time resting spent in this place.
 E = Time spent auto-exploring this place.
 F = Levels seen in this place.
 G = Mean time per level.
                   A        B        C        D        E       F      G
               +--------+--------+--------+--------+--------+-----+--------+
         Total |     34 |     34 |      0 |      0 |     23 |   1 |   34.0 |
       Dungeon |     34 |     34 |      0 |      0 |     23 |   1 |   34.0 |
               +--------+--------+--------+--------+--------+-----+--------+

Top non-repeatable levels by time:
     D:1: 34 daAuts
